 Dungeon Crawl Stone Soup version 0.20.1-1-g8b1a95d (webtiles) character file.

1254 vishdafish the Covered (level 8, -2/51 HPs)
             Began as a Gargoyle Fighter on July 5, 2017.
             Slain by an orc warrior
             ... wielding a +0 war axe
              (20 damage)
             ... on level 6 of the Dungeon on July 6, 2017.
             The game lasted 00:06:36 (4829 turns).

vishdafish the Covered (Gargoyle Fighter)           Turns: 4829, Time: 00:06:37

Health: -2/51      AC: 13    Str: 21    XL:     8   Next: 51%
Magic:  8/8        EV:  8    Int:  9    God:
Gold:   259        SH: 10    Dex: 10    Spells: 7/7 levels left

rFire    . . .     SeeInvis .   a - +0 trident
rCold    . . .     Gourm    .   c - +0 shield
rNeg     + . .     Faith    .   b - +0 scale mail
rPois    ∞         Spirit   .   v - +1 hat
rElec    +         Reflect  .   (no cloak)
rCorr    .         Harm     .   (no gloves)
MR       .....                  (no boots)
Stlth    +.........             t - amulet of regeneration
Regen    0.6/turn               k - ring of stealth
MPRegen  0.2/turn               (no ring)

@: no status effects
A: negative energy resistance 1, electricity resistance, unbreathing,
petrification resistance, rot immunity, AC +5
a: no special abilities


You were on level 6 of the Dungeon.
You were not hungry.

You visited 1 branch of the dungeon, and saw 6 of its levels.

You collected 259 gold pieces.

Inventory:

Hand Weapons
 a - a +0 trident (weapon)
Armour
 b - a +0 scale mail (worn)
 c - a +0 shield (worn)
 v - a +1 hat (worn)
Jewellery
 k - a ring of stealth (left hand)
 t - an amulet of regeneration (around neck)
Scrolls
 d - a scroll of teleportation {unknown}
 e - 2 scrolls of recharging {unknown}
 g - a scroll of noise {unknown}
 l - 10 scrolls of identify {unknown}
 m - 2 scrolls of amnesia {unknown}
 q - a scroll of immolation {unknown}
 s - 2 scrolls of remove curse {unknown}
 u - 2 scrolls of blinking {unknown}
 x - a scroll of enchant weapon {unknown}
Potions
 i - a potion of brilliance {unknown}
 j - 3 potions of agility {unknown}
 p - a potion of curing
 r - a potion of lignification {unknown}
Comestibles
 f - 5 bread rations
 h - 3 meat rations
 n - 3 royal jellies
 o - 6 fruits
 w - 2 chunks of flesh


   Skills:
 + Level 5.7 Fighting
 * Level 5.8 Polearms
 + Level 6.0 Armour
 - Level 0.1 Dodging
 + Level 5.9 Shields


You had 7 spell levels left.
You didn't know any spells.

Dungeon Overview and Level Annotations

Branches:
Dungeon (6/15)
 Temple: D:4-7

Altars:
Ru


Innate Abilities, Weirdness & Mutations

You are resistant to torment.
Your stone body is resilient. (AC +5)
You are immune to poison.
You resist negative energy. (rN+)
You are resistant to electric shocks. (rElec)
You can survive without breathing.
You are immune to petrification.
You are immune to rotting.


Message History

You hit the orc warrior.
The orc warrior is almost dead.
The orc warrior hits you but does no damage.
The orc priest casts a cantrip, but nothing happens.
It was a potion of curing.
You feel better. You block the orc warrior's attack.
The orc priest calls upon Beogh to heal the orc warrior.
The orc priest casts a cantrip, but nothing happens.
You closely miss the orc warrior.
The orc warrior is almost dead.
The orc warrior barely misses you.
You hit the orc warrior but do no damage.
The orc warrior is almost dead.
The orc warrior hits you with a war axe.
You barely miss the orc warrior.
The orc warrior is almost dead.
You barely miss the orc warrior.
The orc warrior is almost dead.
Something hits you but does no damage.
The orc warrior hits you with a war axe!!
You die...

....## #...###.......(..........
...÷# #...# #.########..#######
..))# #...###.# ##.#
#.).#####.......# #.#
#...÷.....#.##..# #.#
..#.##.#[##.##..#########.#######
..#.##.#.....)...................
..#.##...##.#.....#######.#######
..#.#.###.......@o........# #....
..#..# ##.......{######### #.###
..##. #.###....oo.)oo# ..##. #.#
##.#######.# ..# .. ### #)# ..#
.#. #o# #.# .. o{. . #.# #.# ..
#.# #o# ##


You could see an orc warrior, an orc priest and an orc.

Vanquished Creatures
  An ice beast (D:5)
  2 orc warriors (D:6)
  A sky beast (D:6)
  An ogre (D:6)
  A centaur (D:5)
  A bullfrog (D:6)
  A scorpion (D:4)
  A crimson imp (D:6)
  2 orc priests
  A bullfrog skeleton (D:5)
  A quasit (D:5)
  4 hounds
  2 iguanas (D:5)
  3 orc wizards
  2 worker ants
  A gnoll (D:5)
  A howler monkey skeleton (D:5)
  3 adders
  An ooze (D:1)
  An adder zombie (D:5)
  A worm (D:2)
  2 dart slugs (D:1)
  A leopard gecko (D:6)
  18 orcs
  7 giant cockroaches
  3 goblins
  7 hobgoblins
  6 jackals
  3 quokkas
  9 bats
  3 frilled lizards
  A jackal skeleton (D:4)
  7 kobolds
  5 rats
104 creatures vanquished.

Notes
Turn   | Place    | Note
-------+----------+-------------------------------------------
     0 | D:1      | vishdafish the Gargoyle Fighter began the quest for the Orb.
     0 | D:1      | Reached XP level 1. HP: 14/14 MP: 1/1
   156 | D:1      | Reached XP level 2. HP: 15/19 MP: 2/2
   535 | D:1      | Reached XP level 3. HP: 23/23 MP: 3/3
   901 | D:2      | Reached skill level 4 in Armour
  1288 | D:2      | Reached XP level 4. HP: 26/28 MP: 4/4
  1829 | D:3      | Found a sacrificial altar of Ru.
  2368 | D:4      | Reached XP level 5. HP: 21/33 MP: 5/5
  2679 | D:4      | Reached XP level 6. HP: 30/38 MP: 6/6
  3036 | D:5      | Entered Level 5 of the Dungeon
  3390 | D:5      | Noticed an ice beast
  3409 | D:5      | Killed an ice beast
  3489 | D:5      | Reached skill level 5 in Armour
  3525 | D:5      | Reached XP level 7. HP: 16/44 MP: 7/7
  4030 | D:5      | Reached skill level 5 in Fighting
  4030 | D:5      | Reached skill level 5 in Shields
  4321 | D:6      | Reached skill level 5 in Polearms
  4410 | D:6      | Reached XP level 8. HP: 26/49 MP: 8/8
  4811 | D:6      | Reached skill level 6 in Armour
  4829 | D:6      | Slain by an orc warrior

Skill      XL: |  1  2  3  4  5  6  7  8 |
---------------+-------------------------+-----
Polearms       | 2 3 4 5 |  5.8
Armour         | 4 5 6 |  6.0
Shields        | 4 5 |  5.9
Fighting       | 4 5 |  5.7
Dodging        | |  0.1

Action                   |  1- 3 |  4- 6 |  7- 9 || total
-------------------------+-------+-------+-------++-------
Melee: Trident           |   117 |   186 |   206 ||   509
  Use: Potion            |       |     1 |     1 ||     2
  Eat: Chunk             |     1 |     2 |     6 ||     9
       Bread ration      |       |     1 |       ||     1
Armor: Scale mail        |    44 |    99 |   100 ||   243
Dodge: Dodged            |    34 |    56 |    46 ||   136
Block: Shield            |    49 |   109 |    87 ||   245
